 Dungeon Sprint DCSS version 0.23-a0-295-g2e428d4 (webtiles) character file.

539 Dissent the Spear-Bearer (level 7, 0/52 HPs)
             Began as a Formicid Fighter on Oct 4, 2018.
             Was an Elder of the Shining One.
             Slain by a seven-headed hydra (2 damage)
             ... in the Dungeon (Sprint IX: "|||||||||||||||||||||||||||||").
             The game lasted 00:02:16 (523 turns).

Dissent the Spear-Bearer (Formicid Fighter)          Turns: 523, Time: 00:02:16

Health: 0/52       AC: 14    Str: 31    XL:     7   Next: 51%
Magic:  4/7        EV:  5    Int:  7    God:    the Shining One [****..]
Gold:   0          SH: 16    Dex: 10    Spells: 6/6 levels left

rFire    . . .     SeeInvis +   a - +0 trident
rCold    . . .     Gourm    .   c - +0 shield
rNeg     + + .     Faith    .   q - +0 plate armour
rPois    .         Spirit   .   (helmet unavailable)
rElec    .         Reflect  .   p - +0 cloak
rCorr    .         Harm     .   (no gloves)
MR       .....                  (no boots)
Stlth    ..........             (no amulet)
HPRegen  0.17/turn              s - +2 ring of protection
MPRegen  0.10/turn              r - +3 ring of strength

@: mighty, divine shield, glowing
A: permanent stasis, dig shafts and tunnels, four strong arms, antennae 3
a: Dig, Divine Shield, Cleansing Flame, Renounce Religion


You were in the Dungeon.
You worshipped the Shining One.
The Shining One was greatly pleased with you.
You were not hungry.

You visited 1 branch

Inventory:

Hand Weapons
 a - a +0 trident (weapon)
 o - a +2 halberd of protection
   (You found it in the Dungeon)
Armour
 c - a +0 shield (worn)
 p - a +0 cloak (worn)
   (You found it in the Dungeon)
 q - a +0 plate armour (worn)
   (You found it in the Dungeon)
Jewellery
 i - an uncursed ring of protection from fire
   (You found it in the Dungeon)
 r - a +3 ring of strength (right hand)
   (You found it in the Dungeon)
 s - a +2 ring of protection (left hand)
   (You found it in the Dungeon)
Wands
 x - a wand of acid (9)
   (You found it in the Dungeon)
Scrolls
 j - 2 scrolls of fear
 k - a scroll of identify {@r1}
 m - 3 scrolls of remove curse {@r2}
 n - 2 scrolls of amnesia
Potions
 b - a potion of agility
 f - 5 potions of curing {@q1}
 g - 9 potions of heal wounds {@q2}
 h - 4 potions of magic
Comestibles
 e - a ration {!d}
 l - 5 chunks of flesh


   Skills:
 - Level 3.2 Fighting
 + Level 14.5 Polearms
 - Level 3.2 Armour
 - Level 3.6 Shields
 + Level 0.0 Invocations


You had 6 spell levels left.
You didn't know any spells.
Your spell library was empty.

Dungeon Overview and Level Annotations

Branches:
Dungeon (1/1)

Altars:
Cheibriados
Dithmenos
Elyvilon
Fedhas
Gozag
Hepliaklqana
Kikubaaqudgha
Makhleb
Nemelex Xobeh
Okawaru
Qazlal
Ru
Sif Muna
Trog
Uskayaw
Vehumet
Wu Jian
Xom
Yredelemnul
Zin
The Shining One
Beogh
Jiyva
Lugonu


Innate Abilities, Weirdness & Mutations

You cannot be hasted, slowed, berserked, paralysed or teleported.
You can dig through walls and to a lower floor.
Your four strong arms can wield two-handed weapons with a shield.
You have a pair of large antennae on your head. (SInv)


Message History

You feel slightly more hungry.
A crocodile comes into view.
Your +2 halberd of protection goes still.
a - a +0 trident (weapon)
You block the seven-headed hydra's attack.
The seven-headed hydra bites you.
You block the seven-headed hydra's attack.
The seven-headed hydra bites you! The seven-headed hydra bites you.
The seven-headed hydra bites you but does no damage.
The seven-headed hydra barely misses you.
Your shield and plate armour prevent you from hitting the seven-headed hydra.
The seven-headed hydra bites you but does no damage. x2
The seven-headed hydra bites you.
The seven-headed hydra bites you but does no damage.
You block the seven-headed hydra's attack. x2
The seven-headed hydra bites you.
Unknown command.
You feel very mighty all of a sudden.
The seven-headed hydra bites you but does no damage. x2
You block the seven-headed hydra's attack.
The seven-headed hydra barely misses you.
The seven-headed hydra bites you but does no damage.
The seven-headed hydra barely misses you.
The seven-headed hydra bites you but does no damage.
You puncture the seven-headed hydra! You puncture the seven-headed hydra!
The seven-headed hydra bites you.
You block the seven-headed hydra's attack.
The seven-headed hydra bites you!
* * * LOW HITPOINT WARNING * * *
The seven-headed hydra bites you but does no damage.
You block the seven-headed hydra's attack.
The seven-headed hydra bites you!
* * * LOW HITPOINT WARNING * * *
You block the seven-headed hydra's attack.
You puncture the seven-headed hydra! The seven-headed hydra bites you.
* * * LOW HITPOINT WARNING * * *
The seven-headed hydra bites you but does no damage.
You block the seven-headed hydra's attack.
The seven-headed hydra barely misses you. x2
The seven-headed hydra bites you but does no damage. x2
You puncture the seven-headed hydra!
Unknown command.
You hit the seven-headed hydra.
You block the seven-headed hydra's attack.
The seven-headed hydra bites you.
* * * LOW HITPOINT WARNING * * *
The seven-headed hydra bites you!
* * * LOW HITPOINT WARNING * * *
The seven-headed hydra bites you.
You die...

▓▓▓▓▓▓▓▓▓▓▓▓▓▓▓▓▓▓▓▓▓▓▓▓▓▓▓▓▓▓▓▓▓
).....'.....'____________________
▓▓▓▓▓▓▓▓▓▓▓▓▓▓▓▓▓▓▓▓▓▓▓▓▓▓▓▓▓▓▓▓▓
.................................
▓▓▓▓▓▓▓▓▓▓▓▓▓▓▓▓▓▓▓▓▓▓▓▓▓▓▓▓▓▓▓▓▓
...'.....=|...?.@DtkFYrt {{


{{{{{ ▓▓▓▓▓▓▓▓▓▓▓▓▓▓▓▓▓▓▓▓▓▓▓▓ { {{{{{{{{{{{{{ {{{{{{{{{ You could see a
seven-headed hydra, a yak, a rime drake, 2 crocodiles, a bullfrog and a
porcupine.

Vanquished Creatures
  A phantom (D)
  An ogre (D)
  A big kobold (D)
  A bullfrog (D)
  A scorpion (D)
  A killer bee (D)
  2 crimson imps (D)
  2 worker ants (D)
  An adder (D)
  A shadow imp (D)
  An orc (D)
  2 bat skeletons (D)
  2 hobgoblins (D)
  3 jackals (D)
  A bat (D)
  A frilled lizard (D)
22 creatures vanquished.

Notes
Turn   | Place    | Note
-------+----------+-------------------------------------------
     0 | D        | Dissent the Formicid Fighter began the quest for the Orb.
     0 | D        | Reached XP level 1. HP: 18/18 MP: 1/1
     6 | D        | Reached skill level 3 in Polearms
    12 | D        | Reached skill level 4 in Polearms
    39 | D        | Noticed a crimson imp
    39 | D        | Noticed a worker ant
    39 | D        | Noticed a crimson imp
    41 | D        | Reached XP level 2. HP: 24/24 MP: 2/2
    57 | D        | HP: 1/24 [poisoned by a worker ant]
    63 | D        | Reached skill level 6 in Polearms
    63 | D        | Reached XP level 3. HP: 12/29 MP: 3/3
    79 | D        | Reached skill level 8 in Polearms
    79 | D        | Reached XP level 4. HP: 17/35 MP: 4/4
   101 | D        | Found a roughly hewn altar of Beogh.
   101 | D        | Found a snail-covered altar of Cheibriados.
   101 | D        | Found a shadowy altar of Dithmenos.
   101 | D        | Found a white marble altar of Elyvilon.
   101 | D        | Found a blossoming altar of Fedhas.
   101 | D        | Found an opulent altar of Gozag.
   102 | D        | Found a hazy altar of Hepliaklqana.
   103 | D        | Found a viscous altar of Jiyva.
   104 | D        | Found an ancient bone altar of Kikubaaqudgha.
   105 | D        | Found a corrupted altar of Lugonu.
   106 | D        | Found a burning altar of Makhleb.
   107 | D        | Found a sparkling altar of Nemelex Xobeh.
   108 | D        | Found an iron altar of Okawaru.
   109 | D        | Found a stormy altar of Qazlal.
   110 | D        | Found a sacrificial altar of Ru.
   111 | D        | Found a deep blue altar of Sif Muna.
   112 | D        | Found a bloodstained altar of Trog.
   113 | D        | Found a hide-covered altar of Uskayaw.
   114 | D        | Found a radiant altar of Vehumet.
   115 | D        | Found an ornate altar of the Wu Jian Council.
   116 | D        | Found a shimmering altar of Xom.
   117 | D        | Found a basalt altar of Yredelemnul.
   118 | D        | Found a glowing silver altar of Zin.
   119 | D        | Found a glowing golden altar of the Shining One.
   127 | D        | Became a worshipper of the Shining One
   171 | D        | Reached skill level 9 in Polearms
   171 | D        | Reached XP level 5. HP: 31/41 MP: 5/5
   286 | D        | Noticed a bullfrog
   286 | D        | Noticed an ogre
   286 | D        | Reached * piety under the Shining One
   286 | D        | Noticed a big kobold
   288 | D        | Killed a bullfrog
   288 | D        | Reached skill level 10 in Polearms
   291 | D        | Killed an ogre
   291 | D        | Reached skill level 12 in Polearms
   291 | D        | Reached XP level 6. HP: 22/47 MP: 6/6
   302 | D        | Reached skill level 13 in Polearms
   302 | D        | Reached XP level 7. HP: 26/52 MP: 7/7
   349 | D        | Reached ** piety under the Shining One
   349 | D        | Reached *** piety under the Shining One
   367 | D        | Reached skill level 14 in Polearms
   513 | D        | Reached **** piety under the Shining One
   513 | D        | Noticed a seven-headed hydra
   513 | D        | Noticed a rime drake
   513 | D        | Noticed a yak
   523 | D        | HP: 2/52 [seven-headed hydra (10)]
   523 | D        | Slain by a seven-headed hydra

Vault maps used:
D:        linesprint

Skill      XL: |  1  2  3  4  5  6  7 |
---------------+----------------------+-----
Polearms       | 4 6 8 9 12 13 14 | 14.5
Fighting       | |  3.2
Armour         | |  3.2
Shields        | |  3.6

Action                   |  1- 3 |  4- 6 |  7- 9 || total
-------------------------+-------+-------+-------++-------
Melee: Trident           |    38 |    11 |     6 ||    55
       Halberd           |       |    16 |    21 ||    37
Invok: Divine Shield     |       |       |     1 ||     1
Evoke: Wand              |       |       |     1 ||     1
  Use: Potion            |     1 |       |     1 ||     2
Armor: Scale mail        |    17 |     4 |       ||    21
       Plate armour      |       |     4 |    22 ||    26
Dodge: Dodged            |    15 |     2 |     7 ||    24
Block: Shield            |    23 |     9 |    18 ||    50

Table legend:
 A = Non-vault XP
 B = Vault XP
 C = Vault XP percentage of total XP
 D = Non-vault monster count
 E = Vault monster count
 F = Vault count percentage of total count
                 A         B        C        D         E       F
            +---------+---------+-------+---------+---------+-------
      Total |       0 |     770 | 100.0 |       0 |      22 | 100.0
            +---------+---------+-------+---------+---------+-------
          D |       0 |     770 | 100.0 |       0 |      22 | 100.0
            +---------+---------+-------+---------+---------+-------
